 Dungeon Crawl Stone Soup version 0.20-a0-854-g0cc194a (webtiles) character file.

296 Alarkh the Slasher (level 6, 13/48 HPs)
             Began as a Demonspawn Monk on Mar 11, 2017.
             Quit the game on level 2 of the Dungeon.
             The game lasted 00:01:52 (2491 turns).

Alarkh the Slasher (Demonspawn Monk)                Turns: 2491, Time: 00:01:52

Health: 13/48      AC:  4    Str: 16    XL:     6   Next: 12%
Magic:  6/6        EV: 14    Int: 13    God:
Gold:   166        SH:  0    Dex: 16    Spells: 5/5 levels left

rFire    . . .     SeeInvis .   a - +0 falchion
rCold    + . .     Gourm    .   b - +0 robe
rNeg     . . .     Faith    .   (no shield)
rPois    .         Spirit   .   (no helmet)
rElec    .         Reflect  .   j - scarf {rC+}
rCorr    .         Harm     .   (no gloves)
MR       .....                  (no boots)
Stlth    +++.......             (no amulet)
Regen    0.2/turn               (no ring)
MPRegen  0.1/turn               (no ring)

@: mighty
A: claws 1, molten scales 1, demonic guardian 1, nightstalker 1
a: no special abilities


You were on level 2 of the Dungeon.
You were not hungry.

You visited 1 branch of the dungeon, and saw 2 of its levels.

You collected 166 gold pieces.

Inventory:

Hand Weapons
 a - a +0 falchion (weapon)
Armour
 b - a +0 robe (worn)
 j - a scarf of cold resistance (worn)
Wands
 d - a wand of digging (18/24)
 h - a wand of acid (5/15)
Scrolls
 e - 5 scrolls of identify {unknown}
 f - a scroll of remove curse {unknown}
 g - a scroll of teleportation {unknown}
 k - a scroll of fear {unknown}
Potions
 l - a potion of curing
Comestibles
 c - 3 bread rations
 m - 6 chunks of flesh
 n - 2 fruits


   Skills:
 + Level 4.2 Fighting
 * Level 4.8 Long Blades
 + Level 3.9 Dodging
 - Level 1.7 Stealth


You had 5 spell levels left.
You didn't know any spells.

Dungeon Overview and Level Annotations

Branches:
Dungeon (2/15)

Altars:
Ashenzari
Kikubaaqudgha
Nemelex Xobeh
Vehumet


Innate Abilities, Weirdness & Mutations

You have sharp fingernails.
You are partially covered in molten scales. (AC +2)
A weak demonic guardian rushes to your aid.
You are slightly more attuned to the shadows.


Message History

Sigmund is severely wounded.
Sigmund closely misses you.
You closely miss Sigmund.
Sigmund is severely wounded.
You slash Sigmund!
You kill Sigmund!
Your Fighting skill increases to level 4!
You have reached level 5!
Your demonic ancestry asserts itself...
You feel the presence of a demonic guardian.
You have reached level 6!
Your experience leads to an increase in your attributes!
Your base attributes are Str 11, Int 12, Dex 16.
Increase (S)trength, (I)ntelligence, or (D)exterity?
You feel clever.
Your demonic ancestry asserts itself...
Your fingernails lengthen.
Things that are here:
a scythe; a robe There isn't anything to butcher here.
Are you sure you want to abandon this character and quit the game? (Confirm with "yes".)

#.# #.# #.# ######.#
#.# #....... ###.# #
#....... ...# .#
#....... ####..# .#.
#.......
#..<..#..#.########..(
#..@#..#.......##..#
#..>...#.......##.)#
#.#.##.#.......##..#
#.#....#.......##..# #
#.#.####........#..#
#.#.#.# ##.......#..#
#.#[#.#.# #(......#..#
#.....#.# ###.###.#...
#####.#.# #.....#...


There were no monsters in sight!

Vanquished Creatures
  Sigmund (D:2)
  Jessica (D:2)
  Terence (D:2)
  A gnoll (D:1)
  2 adders (D:2)
  2 oozes
  A worm (D:2)
  2 dart slugs
  2 leopard geckos
  3 bats
  A giant cockroach (D:2)
  5 goblins (D:1)
  6 hobgoblins
  2 jackals (D:2)
  4 frilled lizards
  3 kobolds
  3 rats
40 creatures vanquished.

Notes
Turn   | Place    | Note
-------+----------+-------------------------------------------
     0 | D:1      | Alarkh the Demonspawn Monk began the quest for the Orb.
     0 | D:1      | Reached XP level 1. HP: 18/18 MP: 1/1
   131 | D:1      | Gained mutation: You are slightly more attuned to the shadows. [demonic ancestry]
   131 | D:1      | Reached XP level 2. HP: 8/24 MP: 2/2
   858 | D:1      | Gained mutation: You are partially covered in molten scales. (AC +2) [demonic ancestry]
   858 | D:1      | Reached XP level 3. HP: 3/29 MP: 3/3
  1695 | D:2      | Found a sparkling altar of Nemelex Xobeh.
  1696 | D:2      | Found a radiant altar of Vehumet.
  1729 | D:2      | Noticed Terence
  1738 | D:2      | Killed Terence
  1738 | D:2      | Reached XP level 4. HP: 31/36 MP: 4/4
  1843 | D:2      | Found an ancient bone altar of Kikubaaqudgha.
  1843 | D:2      | Found a shattered altar of Ashenzari.
  2395 | D:2      | Noticed Jessica
  2407 | D:2      | Killed Jessica
  2474 | D:2      | Noticed Sigmund
  2489 | D:2      | Killed Sigmund
  2489 | D:2      | Gained mutation: A weak demonic guardian rushes to your aid. [demonic ancestry]
  2489 | D:2      | Reached XP level 5. HP: 11/42 MP: 5/5
  2489 | D:2      | Gained mutation: You have sharp fingernails. [demonic ancestry]
  2489 | D:2      | Reached XP level 6. HP: 13/48 MP: 6/6
  2491 | D:2      | Quit the game

Vault maps used:
D:1:      dpeg_arrival_shrine
D:2:      nicolae_overflow_hidden_temple, first_bread, uniq_jessica,
          uniq_terence, uniq_sigmund

Skill      XL: |  1  2  3  4 |
---------------+-------------+-----
Long Blades    | 3 4 |  4.8
Dodging        | 3 |  3.9
Fighting       | 4 |  4.2
Stealth        | |  1.7

Action                   |  1- 3 |  4- 6 || total
-------------------------+-------+-------++-------
Melee: Falchion          |    71 |    43 ||   114
  Use: Potion            |     4 |     1 ||     5
 Stab: Sleeping          |    10 |     1 ||    11
  Eat: Chunk             |     3 |     2 ||     5
Armor: Robe              |    11 |     3 ||    14
Dodge: Dodged            |    46 |    36 ||    82
       Rpst.: Falchion   |    21 |    12 ||    33
